 Dungeon Crawl Stone Soup version 0.27-a0-972-gd1521fd518 (webtiles) character file.

Game seed: 12635298822180849149

53 polve the Cutter (level 3, -3/29 HPs)
             Began as a Demonspawn Abyssal Knight on Apr 13, 2021.
             Was a Follower of Lugonu.
             Slain by a gnoll
             ... wielding a +0 flail
              (6 damage)
             ... on level 2 of the Dungeon.
             The game lasted 00:01:46 (2003 turns).

polve the Cutter (Demonspawn Abyssal Knight)        Turns: 2003, Time: 00:01:46

Health: -3/29      AC:  5    Str: 13    XL:     3   Next: 62%
Magic:  0/4        EV: 10    Int: 13    God:    Lugonu [*.....]
Gold:   64         SH:  0    Dex: 12    Spells: 2/2 levels left

rFire    . . .     SeeInvis .   a - +1 short sword
rCold    . . .     Faith    .   (no shield)
rNeg     . . .     Spirit   +   f - +0 ring mail
rPois    .         Reflect  .   (no helmet)
rElec    .         Harm     +   g - scarf {harm}
rCorr    .         Rampage  .   (no gloves)
Will     .....                  (no boots)
Stlth    ..........             d - amulet of guardian spirit
HPRegen  0.09/turn              (no ring)
MPRegen  0.09/turn              (no ring)

@: no status effects
A: hooves 1, powered by death 1
a: Renounce Religion, Depart the Abyss


You were on level 2 of the Dungeon.
You worshipped Lugonu.
Lugonu was aware of your devotion.
You visited 1 branch of the dungeon, and saw 2 of its levels.
You visited the Abyss 1 time.

You collected 64 gold pieces.

Inventory:

Hand Weapons
 a - a +1 short sword (weapon)
Armour
 b - a +0 leather armour
 f - a +0 ring mail (worn)
 g - a scarf of harm (worn)
Jewellery
 d - an amulet of guardian spirit (around neck)
Scrolls
 c - 2 scrolls of identify
 e - a scroll of teleportation {unknown}


   Skills:
 - Level 3.0 Fighting
 + Level 3.7 Short Blades
 - Level 1.7 Armour
 - Level 0.8 Dodging
 - Level 2.4 Invocations


You had 2 spell levels left.
You didn't know any spells.
Your spell library was empty.

Dungeon Overview and Level Annotations

Branches:
Dungeon (2/15)

Altars:


Innate Abilities, Weirdness & Mutations

You have large cloven feet.
You regenerate a little health from kills.


Message History

The hobgoblin closely misses you.
You hit the hobgoblin.
You kill the hobgoblin!
Lugonu accepts your kill.
You see here a hobgoblin corpse.
You start putting on your armour.
You continue putting on your scarf of harm. x4
You finish putting on your scarf of harm.
Magic restored.
A gnoll comes into view. It is wielding a +0 flail.
The gnoll shouts!
A gnoll comes into view. It is wielding a +0 spear.
There are monsters nearby!
There are monsters nearby!
The gnoll shouts!
A gnoll comes into view. It is wielding a +0 flail.
The gnoll shouts!
You see here a scroll of identify.
The gnoll hits you from afar with a +0 spear.
The gnoll throws a throwing net.
The throwing net hits you.
You become entangled in the net!
You see here a throwing net.
You are held in a net!
You are held in a net!
You are held in a net!
You are held in a net!
You are held in a net!
You are held in a net!
You are held in a net!
You are held in a net!
You struggle against the net.
The gnoll barely misses you.
The gnoll hits you from afar with a +0 spear!
You tear a large gash into the net.
The gnoll barely misses you. The gnoll hits you but does no damage.
You rip the net and break free!
The gnoll hits you with a +0 flail.
The gnoll hits you from afar with a +0 spear.
The gnoll hits you with a +0 flail.
* * * LOW HITPOINT WARNING * * *
The gnoll hits you with a +0 flail.
You die...

...#.....#.. #....#
#..#.....# .# ....#
.###....†# ...#..#
.#..#...#..# .#...#
##...#.#...###....#
..#...#...#...#g..#
...#..#..#.....#g.#
....#####......g..#
...#..#..#.....#@.#
..#...#...#...#...#
##...#.#...###....#
#..#...#..#..#..##
###.....###...#....
#.....#..#.....###
#..†..#...#....#
#.#...#.#.......#
#...#.#...#.....##


You could see 3 gnolls.

Vanquished Creatures
  An adder (D:2)
  3 bats (D:1)
  7 endoplasms
  A giant cockroach (D:2)
  5 hobgoblins
  8 jackals (D:1)
  3 quokkas
  2 ball pythons
  A frilled lizard (D:1)
  A kobold (D:1)
  5 rats
37 creatures vanquished.

Notes
Turn   | Place    | Note
-------+----------+-------------------------------------------
     0 | Abyss:1  | polve the Demonspawn Abyssal Knight began the quest for the
                  | Orb.
     0 | Abyss:1  | Reached XP level 1. HP: 18/18 MP: 2/2
     0 | Abyss:1  | Found a corrupted altar of Lugonu.
    13 | Abyss:1  | Found a corrupted altar of Lugonu.
   109 | Abyss:2  | Noticed a sixfirhy
   135 | Abyss:2  | Noticed a large abomination
   136 | D:1      | Escaped the Abyss
   456 | D:1      | Gained mutation: You have large cloven feet. [demonic
                  | ancestry]
   456 | D:1      | Reached XP level 2. HP: 16/24 MP: 3/3
   658 | D:1      | Reached * piety under Lugonu
  1073 | D:1      | Gained mutation: You regenerate a little health from kills.
                  | [demonic ancestry]
  1073 | D:1      | Reached XP level 3. HP: 17/29 MP: 4/4
  1428 | D:1      | Found a faded altar of an unknown god.
  2003 | D:2      | Slain by a gnoll

Illustrated notes

Levels and vault maps discovered:
D:1:      lemuel_arrival_tunnels, layout_basic,
          hellmonk_ecumenical_altar_crossroads
D:2:      layout_basic, serial_shops, shop, chequers_serial_rivers_micro_c,
          minmay_splitting_lines

Skill      XL: |  1  2 |
---------------+-------+-----
Short Blades   | 2 3 |  3.7
Fighting       | |  3.0
Armour         | |  1.7
Dodging        | |  0.8
Invocations    | |  2.4

Action                   || total
-------------------------++-------
Melee: Short sword       ||   125
       Kick              ||    21
Invok: Depart the Abyss  ||     1
  Use: Scroll            ||     1
Armor: Leather armour    ||    36
       Ring mail         ||     8
Dodge: Dodged            ||    74

Table legend: (Time is in decaauts)
 A = Elapsed time spent in this place.
 B = Non-inter-level travel time spent in this place.
 C = Inter-level travel time spent in this place.
 D = Time resting spent in this place.
 E = Time spent auto-exploring this place.
 F = Levels seen in this place.
 G = Mean time per level.
                   A        B        C        D        E       F      G
               +--------+--------+--------+--------+--------+-----+--------+
         Total |   1996 |   1896 |    100 |      0 |   1534 |   4 |  499.0 |
       Dungeon |   1859 |   1759 |    100 |      0 |   1428 |   2 |  929.5 |
         Abyss |    136 |    136 |      0 |      0 |    106 |   2 |   68.0 |
               +--------+--------+--------+--------+--------+-----+--------+

Top non-repeatable levels by time:
     D:1: 1671 daAuts
     D:2: 188 daAuts
 Abyss:2: 84 daAuts
 Abyss:1: 51 daAuts
